 Dungeon Crawl Stone Soup version 0.23.0-3-gf3c87f2df8 (webtiles) character file.

Game seed: 8123724327781579443

3101 Peloso the Carver (level 9, -1/78 HPs)
             Began as a Minotaur Fighter on Feb 21, 2019.
             Was a Believer of Okawaru.
             Killed from afar by a steam dragon (22 damage)
             ... with a ball of steam
             ... on level 7 of the Dungeon.
             The game lasted 00:13:48 (6624 turns).

Peloso the Carver (Minotaur Fighter)                Turns: 6624, Time: 00:13:48

Health: -1/78      AC: 13    Str: 22    XL:     9   Next: 59%
Magic:  8/8        EV:  6    Int:  5    God:    Okawaru [**....]
Gold:   227        SH: 11    Dex: 12    Spells: 8/8 levels left

rFire    . . .     SeeInvis +   a - +0 long sword
rCold    . . .     Gourm    .   c - +0 shield
rNeg     . . .     Faith    .   s - +0 plate armour
rPois    .         Spirit   .   (helmet restricted)
rElec    .         Reflect  .   (no cloak)
rCorr    .         Harm     .   (no gloves)
MR       .....                  (no boots)
Stlth    ..........             (no amulet)
HPRegen  0.23/turn              l - ring of flight
MPRegen  0.11/turn              t - ring of see invisible

@: no status effects
A: retaliatory headbutt, horns 2
a: Heroism, Renounce Religion, Evoke Flight


You were on level 7 of the Dungeon.
You worshipped Okawaru.
Okawaru was pleased with you.
You were hungry.

You visited 2 branches of the dungeon, and saw 8 of its levels.

You collected 227 gold pieces.

Inventory:

Hand Weapons
 a - a +0 long sword (weapon)
Armour
 b - a +0 scale mail
 c - a +0 shield (worn)
 k - a +0 chain mail
 s - a +0 plate armour (worn)
Jewellery
 l - a ring of flight (left hand)
 t - a ring of see invisible (right hand)
 y - the ring of Alyish {rPois rF+ rN+ MR+, unknown}
   (You found it on level 6 of the Dungeon)

   [ring of poison resistance]

   It protects you from fire.
   It protects you from poison.
   It protects you from negative energy.
   It affects your resistance to hostile enchantments.
Wands
 w - a wand of flame (21)
Scrolls
 j - 2 scrolls of amnesia {unknown}
 m - 3 scrolls of remove curse {unknown}
 o - a scroll of random uselessness {unknown}
 p - 2 scrolls of blinking {unknown}
 q - 2 scrolls of teleportation {unknown}
 r - 3 scrolls of identify
Potions
 d - a potion of might
 e - 2 potions of flight
 g - a potion of experience
 h - 4 potions of brilliance
 i - a potion of curing
 n - 2 potions of agility
 u - a potion of mutation
 v - a potion of magic {unknown}
 x - a potion of haste {unknown}
Comestibles
 f - 9 rations


   Skills:
 + Level 6.4 Fighting
 + Level 10.3 Long Blades
 + Level 8.2 Armour
 + Level 2.0 Dodging
 + Level 0.8 Stealth
 + Level 9.0 Shields
 + Level 0.1 Invocations


You had 8 spell levels left.
You didn't know any spells.
Your spell library contained the following spells:

 Spells                   Type           Power        Failure   Level  Hunger
 Animate Skeleton         Necr           N/A          100%        1    ##.....
 Apportation              Tloc           #.....       100%        1    ##.....
 Confusing Touch          Hex            #.....       100%        1    ##.....
 Summon Small Mammal      Summ           #...         100%        1    ##.....


Dungeon Overview and Level Annotations

Branches:
Dungeon (7/15)             Temple (1/1) D:6

Altars:
Dithmenos
Elyvilon
Fedhas
Nemelex Xobeh
Okawaru
Sif Muna
Trog
Xom
Yredelemnul


Innate Abilities, Weirdness & Mutations

You reflexively headbutt those who attack you in melee.
You have a pair of horns on your head.


Message History

The steam dragon breathes steam at you. The ball of steam hits you!!
* * * LOW HITPOINT WARNING * * *
You hit the steam dragon but do no damage.
The steam dragon is almost dead.
You are engulfed in a cloud of scalding steam.
The steam dragon bites you but does no damage.
You block the steam dragon's attack.
Your plate armour prevents you from hitting the steam dragon.
You headbutt the steam dragon.
The steam dragon is almost dead.
You are engulfed in a cloud of scalding steam.
The steam dragon bites you!
* * * LOW HITPOINT WARNING * * *
You block the steam dragon's attack.
You feel better.
You are engulfed in a cloud of scalding steam.
The steam dragon breathes steam at you. The ball of steam hits you!!
You die...

#........#...#...###
###..#.#.##..#.....#
#.<........##..)#.#
#######.#...#..)#.#
...#.#.#.....#
#.#.......#########
...................
..#.#####>§.............
..%...D@§.§.....#.#####.
#.#.#########.###.#####.
#.........(....)))
######.####.###.######
#......####.# #.# #
#.###.....#.# #.# # #.#
#.###.#.###.# # #.#
#.###.#.....#
#.###.....########


You could see a steam dragon.

Vanquished Creatures
  Prince Ribbit (D:6)
  6 yaks (D:7)
  An orc warrior (D:5)
  A phantom (D:4)
  A sky beast (D:5)
  An ogre (D:7)
  2 centaurs
  3 bullfrogs (D:7)
  A water moccasin zombie (D:5)
  2 scorpions
  5 wights (D:6)
  A howler monkey (D:4)
  2 crimson imps
  A bullfrog skeleton (D:5)
  A jelly (D:7)
  2 hounds (D:4)
  2 orc priests
  2 iguanas
  5 orc wizards
  6 worker ants
  A hound skeleton (D:4)
  11 gnolls
  10 adders
  2 oozes
  An adder zombie (D:3)
  An adder skeleton (D:7)
  A worm (D:3)
  3 dart slugs
  6 leopard geckos
  23 orcs
  5 giant cockroaches
  7 hobgoblins
  7 jackals (D:6)
  7 quokkas
  A ball python (D:4)
  10 bats
  4 frilled lizards
  9 goblins
  11 kobolds
  A quokka zombie (D:6)
  11 rats
  A bush (D:3)
  2 plants (D:3)
181 creatures vanquished.

Notes
Turn   | Place    | Note
-------+----------+-------------------------------------------
     0 | D:1      | Peloso the Minotaur Fighter began the quest for the Orb.
     0 | D:1      | Reached XP level 1. HP: 19/19 MP: 0/0
   127 | D:1      | Reached XP level 2. HP: 26/27 MP: 1/1
   519 | D:1      | Reached XP level 3. HP: 26/33 MP: 2/2
   841 | D:2      | Reached skill level 3 in Long Blades
   887 | D:2      | Reached XP level 4. HP: 39/40 MP: 3/3
   952 | D:2      | Found a blossoming altar of Fedhas.
  1074 | D:2      | Found a shadowy altar of Dithmenos.
  1074 | D:2      | Found a bloodstained altar of Trog.
  1407 | D:3      | Reached skill level 5 in Shields
  1431 | D:3      | Reached XP level 5. HP: 47/47 MP: 4/4
  1472 | D:3      | Found a white marble altar of Elyvilon.
  1568 | D:3      | Reached skill level 4 in Long Blades
  1844 | D:3      | Found a basalt altar of Yredelemnul.
  2131 | D:3      | Reached skill level 1 in Dodging
  2169 | D:3      | Found a deep blue altar of Sif Muna.
  2820 | D:4      | Reached skill level 5 in Armour
  2820 | D:4      | Reached XP level 6. HP: 39/53 MP: 5/5
  3226 | D:4      | Reached skill level 5 in Long Blades
  3598 | D:4      | Reached XP level 7. HP: 55/60 MP: 6/6
  3727 | D:4      | Reached skill level 6 in Long Blades
  4022 | D:5      | Entered Level 5 of the Dungeon
  4264 | D:5      | Reached skill level 5 in Fighting
  4264 | D:5      | Reached skill level 7 in Long Blades
  4323 | D:5      | Reached XP level 8. HP: 35/68 MP: 7/7
  4843 | D:6      | Noticed Prince Ribbit
  4857 | D:6      | Killed Prince Ribbit
  4942 | D:5      | Reached skill level 8 in Long Blades
  5534 | D:6      | Found a staircase to the Ecumenical Temple.
  5560 | Temple   | Entered the Ecumenical Temple
  5586 | Temple   | Became a worshipper of Warmaster Okawaru
  5647 | D:6      | Got a steaming wooden ring
  6118 | D:7      | Reached * piety under Okawaru
  6118 | D:7      | Reached skill level 9 in Long Blades
  6118 | D:7      | Reached XP level 9. HP: 67/75 MP: 8/8
  6170 | D:7      | Reached ** piety under Okawaru
  6471 | D:7      | Reached skill level 10 in Long Blades
  6624 | D:7      | Killed from afar by a steam dragon

Skill      XL: |  1  2  3  4  5  6  7  8  9 |
---------------+----------------------------+-----
Fighting       | 4 5 6 |  6.4
Shields        | 4 5 6 8 9 |  9.0
Armour         | 4 5 6 7 8 |  8.2
Long Blades    | 3 4 5 7 9 10 | 10.3
Dodging        | 1 2 |  2.0
Stealth        | |  0.8
Invocations    | |  0.1

Action                   |  1- 3 |  4- 6 |  7- 9 || total
-------------------------+-------+-------+-------++-------
Melee: Long sword        |    85 |   278 |   351 ||   714
       Headbutt          |    10 |    65 |    74 ||   149
Invok: Heroism           |       |       |     1 ||     1
  Use: Scroll            |       |     2 |     4 ||     6
       Potion            |       |       |     4 ||     4
  Eat: Chunk             |       |     6 |     6 ||    12
       Ration            |       |     1 |     1 ||     2
Armor: Scale mail        |    61 |    29 |       ||    90
       Chain mail        |       |    58 |    40 ||    98
       Plate armour      |       |       |    96 ||    96
Dodge: Dodged            |    35 |    45 |    63 ||   143
Block: Shield            |    69 |   108 |   168 ||   345
       Rpst.: Long sword |    12 |    14 |    15 ||    41
